 Dungeon Crawl Stone Soup version 0.30-a0-867-g305f33218d (webtiles) character file.

Game seed: 5786044084874803701

323 bmack86 the Chopper (level 6, -5/56 HPs)
             Began as a Minotaur Fighter on Mar 11, 2023.
             Constricted to death by Pikel (6 damage)
             ... on level 4 of the Dungeon.
             The game lasted 00:06:36 (2840 turns).

bmack86 the Chopper (Minotaur Fighter)              Turns: 2840, Time: 00:06:36

Health: -5/56      AC: 14    Str: 23    XL:     6   Next: 23%
Magic:  0/5        EV: 11    Int:  5    God:
Gold:   67         SH:  5    Dex:  9    Spells: 5/5 levels left

rFire   . . .      SeeInvis .    a - +0 war axe (protect)
rCold   . . .      Faith    .    c - +1 buckler
rNeg    . . .      Spirit   +    b - +0 scale mail
rPois   .          Reflect  .    (helmet restricted)
rElec   .          Rampage  .    (no cloak)
rCorr   .                        (no gloves)
Will    +....                    (no boots) Stlth
                                 s - amulet of guardian spirit
HPRegen 0.29/turn                t - ring of willpower
MPRegen 0.09/turn                h - +5 ring of evasion

@: grasped by roots, under a protective aura, constricted
A: horns 2, retaliatory headbutt
a: no special abilities


You were on level 4 of the Dungeon.
You visited 1 branch of the dungeon, and saw 4 of its levels.

You collected 235 gold pieces.
You spent 168 gold pieces at shops.

Inventory:

Hand Weapons
 a - a +0 war axe of protection (weapon)
Missiles
 m - 2 throwing nets (quivered)
Armour
 b - a +0 scale mail (worn)
 c - a +1 buckler (worn)
Jewellery
 e - a ring of poison resistance
 h - a +5 ring of evasion (right hand)
 q - a ring of positive energy
 s - an amulet of guardian spirit (around neck)
 t - a ring of willpower (left hand)
Scrolls
 l - a scroll of fog
 n - a scroll of enchant armour
 o - a scroll of fear {unknown}
 p - a scroll of noise {unknown}
 r - a scroll of blinking {unknown}
Potions
 d - a potion of might
 f - 2 potions of magic
 g - 2 potions of curing
 i - a potion of attraction {unknown}
 j - 2 potions of heal wounds
 k - a potion of brilliance {unknown}
 u - a potion of degeneration {unknown}


   Skills:
 + Level 5.0 Fighting
 * Level 5.3 Axes
 + Level 4.9 Armour
 + Level 5.0 Shields


You had 5 spell levels left.
You didn't know any spells.
Your spell library was empty.

Dungeon Overview and Level Annotations

Branches:
Dungeon (4/15)
 Temple: D:4-7

Altars:
Qazlal

Shops:
D:1 *

Annotations:
D:4 Pikel


Innate Abilities, Weirdness & Mutations

You have a pair of horns on your head.
You reflexively headbutt those who attack you in melee.


Message History

Pikel hits you but does no damage. You block Pikel's attack.
Unknown command.
You slash Pikel! You headbutt Pikel.
Pikel is heavily wounded.
Pikel hits you but does no damage.
You closely miss Pikel. You headbutt Pikel.
Pikel is heavily wounded.
Pikel hits you with a +2 whip of flaming!
Pikel burns you.
Unknown command.
You closely miss Pikel. Your headbutt misses Pikel.
Pikel is heavily wounded.
Pikel hits you but does no damage.
You hit Pikel but do no damage. Your headbutt misses Pikel.
Pikel is heavily wounded.
Pikel closely misses you.
Pikel zaps a wand.
The roots erupt in riotous growth!
The grasping roots grab you!
Pikel is unaffected.
The grasping roots constrict you!
Unknown command.
You hit Pikel but do no damage.
Pikel is heavily wounded.
Pikel hits you with a +2 whip of flaming.
Pikel burns you.
* * * LOW HITPOINT WARNING * * *
The grasping roots constrict you.
* * * LOW HITPOINT WARNING * * *
The grasping roots release their grip on you.
You barely miss Pikel.
Pikel is heavily wounded.
Pikel hits you but does no damage.
You completely miss Pikel.
Pikel is heavily wounded.
Pikel hits you with a +2 whip of flaming!
* * * LOW HITPOINT WARNING * * *
Pikel burns you.
* * * LOW HITPOINT WARNING * * *
Pikel zaps a wand.
The roots erupt in riotous growth!
The grasping roots grab you!
Pikel is unaffected.
The grasping roots constrict you.
You die...

#.#.#.# #..#
#.#.#.####.##
#.#........#
#.#.....##.#
#.#....###.#
#.#...## #..
#.#...#######
#.#........
#..@K......
#...######.
.........
###..#.####
$...#.#
.#.#.#.. .
#.#.####
#...#


You could see Pikel.

Vanquished Creatures
  2 lemures (D:4)
  A phantom (D:3)
  A scorpion (D:4)
  An iguana (D:4)
  3 gnolls (D:3)
  6 adders
  A white imp (D:3)
  A worm (D:2)
  3 dart slugs
  An orc (D:3)
  6 ball pythons
  3 endoplasms
  2 giant cockroaches
  6 goblins
  7 hobgoblins
  14 jackals
  3 bats
  7 kobolds
  3 rats
71 creatures vanquished.

Notes
Turn   | Place    | Note
-------+----------+-------------------------------------------
     0 | D:1      | bmack86 the Minotaur Fighter began the quest for the Orb.
     0 | D:1      | Reached XP level 1. HP: 19/19 MP: 0/0
    13 | D:1      | Found Beuh's Assorted Antiques.
    82 | D:1      | Reached XP level 2. HP: 26/27 MP: 1/1
   649 | D:2      | Reached XP level 3. HP: 33/33 MP: 2/2
  1093 | D:2      | Reached XP level 4. HP: 40/40 MP: 3/3
  1777 | D:3      | Found a stormy altar of Qazlal.
  2018 | D:3      | Noticed a phantom
  2024 | D:3      | Reached XP level 5. HP: 40/47 MP: 4/4
  2024 | D:3      | Found a faded altar of an unknown god.
  2030 | D:3      | Killed a phantom
  2140 | D:1      | Bought a scroll labelled ENADDI MEOSS for 28 gold pieces
  2140 | D:1      | Bought a square emerald amulet for 140 gold pieces
  2525 | D:4      | Reached skill level 5 in Axes
  2525 | D:4      | Reached XP level 6. HP: 43/55 MP: 5/5
  2606 | D:4      | Reached skill level 5 in Shields
  2799 | D:4      | Reached skill level 5 in Fighting
  2827 | D:4      | Noticed Pikel
  2840 | D:4      | HP: 2/56 [Pikel/+2 whip of flaming (8)]
  2840 | D:4      | Constricted to death by Pikel

Illustrated notes

Levels and vault maps discovered:
D:1:      spicycebolla_arrival_risky_transporter, layout_basic, serial_shops,
          shop
D:2:      layout_loops_cross
D:3:      layout_loops_corners, old_standard_altar,
          hellmonk_ecumenical_altar_heavens_door
D:4:      layout_basic, mainiacjoe_overflow_tiny_flanked, uniq_pikel

Skill      XL: |  1  2  3  4  5  6 |
---------------+-------------------+-----
Axes           | 3 4 5 |  5.3
Shields        | 4 5 |  5.0
Fighting       | 4 5 |  5.0
Armour         | 4 |  4.9

Action                     |  1- 3 |  4- 6 || total
---------------------------+-------+-------++-------
  Melee: War axe           |    60 |    83 ||   143
         Headbutt          |     9 |    12 ||    21
    Use: Scroll            |     3 |     3 ||     6
 Armour: Scale mail        |    40 |    25 ||    65
  Dodge: Dodged            |    30 |    63 ||    93
  Block: Buckler           |    17 |    29 ||    46

Table legend: (Time is in decaauts)
 A = Elapsed time spent in this place.
 B = Non-inter-level travel time spent in this place.
 C = Inter-level travel time spent in this place.
 D = Time resting spent in this place.
 E = Time spent auto-exploring this place.
 F = Levels seen in this place.
 G = Mean time per level.
                   A        B        C        D        E       F      G
               +--------+--------+--------+--------+--------+-----+--------+
         Total |   2885 |   2764 |    121 |    103 |   1943 |   4 |  721.2 |
       Dungeon |   2885 |   2764 |    121 |    103 |   1943 |   4 |  721.2 |
               +--------+--------+--------+--------+--------+-----+--------+

Top non-repeatable levels by time:
     D:3: 1199 daAuts
     D:1: 697 daAuts
     D:2: 650 daAuts
     D:4: 337 daAuts
